Map: At Eternity's Edge LE

Players

RipNHammer

  • Race: Terran Terran
  • League: Master
  • Spawn Location: 11:00

llllllllllll - Winner!

  • Race: Terran Terran
  • League: Master
  • Spawn Location: 5:00

VOD

Have the link to the VOD?

Description

Time

  • Played on: Sept. 7, 2026, 8:58 a.m.
  • Length: 10:15
Show
View Real Time Build Order
Export as new Build Order

RipNHammer Terran 

Build Orders: Mech 

Get SALT Encoding   

  8  0:00  SCV  
  9  0:12  SCV  
  10  0:24  SCV  
  11  0:36  SCV  
  11  0:39  Supply Depot  
  12  0:49  SCV  
  13  1:01  SCV, Barracks  
  14  1:05  Refinery  
  14  1:13  SCV  
  14  1:16  Refinery  
  15  1:25  SCV  
  16  1:37  SCV  
  17  1:49  Reaper  
  17  1:51  Orbital Command  
  18  2:08  Factory  
  18  2:17  SCV  
  19  2:23  Reaper, Supply Depot  
  19  2:29  SCV  
  21  2:47  Command Center  
  21  2:55  Hellion  
  21  2:56  SCV  
  24  3:02  Barracks Reactor  
  24  3:08  SCV  
  25  3:14  Supply Depot  
  25  3:18  Factory Tech Lab  
  25  3:23  Starport  
  24  3:39  Cyclone  
  25  3:47  SCV  
  26  3:57  Marine  
  26  3:58  Marine  
  26  3:59  SCV  
  29  4:05  Orbital Command  
  29  4:09  Starport Tech Lab  
  29  4:15  Marine  
  28  4:17  SCV  
  28  4:22  Refinery  
  29  4:28  Raven  
  32  4:31  SCV  
  32  4:33  SCV  
  32  4:37  Interference Matrix  
  33  4:43  Siege Tank  
  33  4:44  SCV  
  37  4:54  SCV  
  37  4:56  SCV  
  37  4:58  Marine x2  
  41  5:02  Raven  
  41  5:06  SCV  
  44  5:09  SCV  
  44  5:13  Refinery  
  45  5:17  Supply Depot  
  46  5:22  Siege Tank  
  46  5:24  SCV  
  50  5:29  Supply Depot, SCV  
  50  5:38  SCV  
  50  5:39  Raven  
  50  5:42  Marine x2  
  53  5:43  SCV  
  53  5:46  Supply Depot  
  56  5:53  SCV  
  56  5:55  SCV  
  58  5:58  Siege Tank  
  61  6:05  SCV  
  61  6:07  SCV  
  61  6:13  Marine x2  
  63  6:20  SCV x2  
  65  6:28  Raven  
  65  6:31  Marine x2  
  65  6:32  SCV  
  70  6:38  Command Center  
  70  6:42  SCV  
  71  6:51  SCV  
  72  6:54  SCV  
  72  6:55  Supply Depot  
  72  6:57  Siege Tank  
  76  7:07  Factory  
  76  7:08  Factory  
  76  7:13  SCV x2  
  78  7:16  Supply Depot  
  78  7:26  SCV  
  79  7:33  Siege Tank  
  79  7:34  SCV  
  83  7:37  Mag-Field Accelerator  
  83  7:38  Viking x2  
  83  7:39  SCV  
  83  7:42  Engineering Bay  
  88  7:45  Armory  
  88  7:46  SCV  
  88  7:49  Orbital Command  
  89  7:52  Factory  
  89  7:53  Factory Tech Lab  
  89  7:59  SCV x2, Supply Depot  
  89  8:05  Barracks Reactor  
  91  8:09  Orbital Command  
  91  8:11  SCV  
  91  8:14  SCV  
  91  8:15  Viking  
  91  8:16  Viking  
  99  8:20  Cyclone x2  
  99  8:23  SCV  
  99  8:24  Supply Depot  
  99  8:26  SCV  
  104  8:34  Siege Tank  
  107  8:35  SCV  
  107  8:38  SCV  
  108  8:51  Viking x2  
  112  8:58  Cyclone  
  112  9:00  Cyclone  
  112  9:01  SCV  
  108  9:30  Viking x2  
  112  9:33  SCV x2  
  80  9:53  Hellion x2  
  80  9:57  Refinery  
Show
View Real Time Build Order
Export as new Build Order

llllllllllll Terran - Winner!

Build Orders: Mech 

Get SALT Encoding   

  8  0:00  SCV  
  9  0:12  SCV  
  10  0:24  SCV  
  11  0:36  SCV  
  11  0:40  Supply Depot  
  12  0:49  SCV  
  13  1:02  SCV  
  13  1:03  Barracks  
  14  1:08  Refinery  
  14  1:14  SCV  
  14  1:16  Refinery  
  15  1:26  SCV  
  16  1:38  SCV  
  17  1:50  Reaper  
  17  1:51  Orbital Command  
  18  2:06  Factory  
  18  2:18  Supply Depot  
  18  2:19  SCV  
  19  2:24  Reaper  
  20  2:33  SCV  
  21  2:45  SCV  
  21  2:47  Command Center  
  21  2:51  Factory Tech Lab  
  22  2:57  SCV  
  23  3:04  Barracks Reactor  
  23  3:06  Supply Depot  
  23  3:10  Cyclone  
  26  3:15  SCV  
  26  3:27  SCV  
  26  3:39  SCV  
  26  3:42  Marine x2, Cyclone  
  30  3:52  SCV  
  30  3:54  Starport  
  31  4:00  Marine x2  
  33  4:04  SCV  
  34  4:16  SCV  
  35  4:20  Marine  
  35  4:21  Marine  
  35  4:23  Orbital Command  
  37  4:25  Factory Tech Lab  
  37  4:28  SCV  
  37  4:31  Refinery  
  38  4:38  Raven, Interference Matrix  
  38  4:40  SCV  
  41  4:47  Supply Depot  
  41  4:49  Siege Tank, Marine  
  41  4:50  Marine  
  46  4:53  SCV  
  46  4:56  SCV  
  48  5:05  SCV  
  49  5:07  Marine  
  49  5:08  Marine  
  49  5:09  Supply Depot  
  49  5:13  Raven  
  53  5:16  SCV  
  53  5:17  SCV  
  55  5:25  Supply Depot  
  55  5:28  SCV  
  56  5:31  Supply Depot  
  56  5:32  SCV  
  56  5:33  Siege Tank  
  60  5:43  SCV  
  60  5:44  SCV  
  60  5:49  Command Center  
  62  5:51  Raven  
  64  5:57  Marine x2  
  64  6:03  SCV x2  
  68  6:05  Siege Tank  
  71  6:15  SCV  
  69  6:18  SCV  
  69  6:24  Refinery  
  74  6:27  SCV  
  74  6:32  SCV  
  71  6:37  Siege Tank  
  71  6:39  SCV, Factory  
  75  6:44  SCV, Factory  
  75  6:46  Supply Depot, Engineering Bay  
  76  6:51  SCV  
  76  6:53  Barracks Reactor  
  77  6:54  Viking  
  77  6:56  SCV  
  81  7:02  Orbital Command  
  81  7:04  Viking  
  81  7:05  SCV  
  83  7:09  SCV  
  84  7:15  Siege Tank  
  84  7:17  SCV  
  84  7:21  SCV, Refinery  
  84  7:22  Supply Depot  
  89  7:23  Supply Depot  
  89  7:25  Refinery  
  89  7:26  Viking  
  91  7:33  SCV x2  
  91  7:34  SCV  
  94  7:38  Hellion x2  
  94  7:40  Siege Tank  
  94  7:44  Viking  
  103  7:45  SCV x2  
  105  7:53  Supply Depot  
  105  7:54  Supply Depot  
  105  7:55  Siege Tank  
  108  7:59  Viking  
  108  8:05  SCV x3  
  112  8:09  Armory  
  112  8:14  Viking, Hellion  
  116  8:20  SCV x3  
  119  8:29  Command Center  
  119  8:32  SCV x3  
  118  8:43  Siege Tank x2, Viking  
  118  8:44  SCV  
  127  8:58  Viking  
  129  9:03  SCV x2  
  129  9:04  SCV  
  132  9:13  Viking  
  134  9:17  Supply Depot x2  
  134  9:19  Supply Depot  
  134  9:21  Factory x2  
  134  9:28  SCV  
  135  9:32  Supply Depot  
  135  9:37  Viking  
  135  9:38  SCV, Siege Tank x2  
  135  9:39  Hellion x2  
Tags
 
Composition
MechMech
Matchup
TvT
Race
Terran
Replay Pack
RipNHammer
Spawn Locations
Cross Positions
Add a new tag
Caveats
  • Supply blocks, unpowered buildings, or Contaminate may cause inaccurate times.
  • Supply counts are checked every 10 seconds.